 Dungeon Crawl Stone Soup version 0.17-a0-2108-g65e8068 (webtiles) character file.

240 Ishikawa the Magician (level 5, -4/37 HPs)
             Began as a Mummy Wizard on Oct 19, 2015.
             Slain by a hobgoblin
             ... wielding a +0 club
             ... led by Robin
              (7 damage)
             ... on level 4 of the Dungeon.
             The game lasted 00:18:05 (2946 turns).

Ishikawa the Magician (Mummy Wizard)                Turns: 2946, Time: 00:18:05

Health: -4/37      AC:  2    Str: 10    XL:     5   Next: 79%
Magic:  6/19       EV: 12    Int: 19    God:
Gold:   176        SH:  0    Dex: 10    Spells: 4 memorised, 2 levels left

rFire  x . .     SeeInvis .     p - +0 trident (flame)
rCold  + . .     Clarity  .     k - +0 robe
rNeg   + + +     SustAt   .     (no shield)
rPois  ∞         Gourm    .     b - +0 hat
rElec  .         Spirit   .     (no cloak)
rCorr  .         Warding  .     (no gloves)
rMut   .         Stasis   +     (no boots)
MR     .....                    i - amulet of stasis
Stlth  ++........               (no ring)
                                m - ring of magical power

@: very slightly contaminated, not resistant to hostile enchantments, unstealthy
A: no food or potions, fire vulnerability, cold resistance 1, negative energy
resistance 3, torment resistance, unbreathing
a: no special abilities


You were on level 4 of the Dungeon.
You were not hungry.

You visited 1 branch of the dungeon, and saw 4 of its levels.

You collected 176 gold pieces.

Inventory:

Hand Weapons
 e - a +0 dagger
 g - a +0 short sword
 p - a +0 trident of flaming (weapon)
Armour
 a - a +0 leather armour
 b - a +0 hat (worn)
 k - a +0 robe (worn)
Jewellery
 i - an amulet of stasis (around neck)
 m - a ring of magical power (left hand)
Wands
 o - a wand of random effects (42)
Scrolls
 d - 4 scrolls of identify
 f - 2 scrolls of remove curse
 h - a scroll of fog {unknown}
 j - a scroll of immolation {unknown}
 l - 2 scrolls of teleportation {unknown}
Books
 c - a book of Minor Magic

   Spells                             Type                      Level
   a - Magic Dart                     Conjuration                  1
   b - Blink                          Translocation                2
   c - Call Imp                       Summoning                    2
   d - Repel Missiles                 Charms/Air                   2
   e - Slow                           Hexes                        2
   f - Conjure Flame                  Conjuration/Fire             3
   g - Mephitic Cloud                 Conjuration/Poison/Air       3
 n - a book of Enchantments

   Spells                             Type                      Level
   a - Cause Fear                     Hexes                        4
   b - Silence                        Hexes/Air                    5
   c - Deflect Missiles               Charms/Air                   6
   d - Haste                          Charms                       6
   e - Discord                        Hexes                        8


   Skills:
 * Level 1.1 Fighting
 - Level 1.2 Short Blades
 - Level 1.0 Armour
 - Level 1.5 Dodging
 - Level 1.5 Stealth
 + Level 3.8 Spellcasting
 * Level 2.7 Conjurations
 - Level 0.7 Summonings
   Level 0.7 Translocations
 + Level 1.2 Air Magic
 + Level 1.2 Poison Magic


You had 2 spell levels left.
You knew the following spells:

 Your Spells              Type           Power        Failure   Level  Hunger
a - Magic Dart            Conj           ##..         6%          1    N/A
b - Call Imp              Summ           #.......     17%         2    N/A
c - Mephitic Cloud        Conj/Pois/Air  ##......     21%         3    N/A
d - Conjure Flame         Conj/Fire      #.......     28%         3    N/A

Dungeon Overview and Level Annotations

Branches:
Dungeon (4/15)
 Temple: D:4-7

Altars:
Ashenzari
Nemelex Xobeh
Ru
Zin

Annotations:
D:2 Natasha
D:4 Robin


Innate Abilities, Weirdness & Mutations

You do not eat or drink.
Your flesh is vulnerable to fire.
You are immune to poison.
Your flesh is cold resistant.
You are immune to negative energy.
You are immune to unholy pain and torment.
You can survive without breathing.


Message History

The orc wizard seems less confused.
The goblin is engulfed in noxious fumes.
The goblin appears confused.
The hobgoblin hits you. The goblin closely misses you.
The orc wizard barely misses you.
Robin roars a battlecry!
The goblin goes into a battle-frenzy!
The hobgoblin hits you but does no damage.
The orc wizard hits you but does no damage.
Robin misses you.
You hit the goblin. You burn the goblin.
You kill the goblin!
The orc wizard casts a spell.
The orc wizard blinks!
The hobgoblin misses you. Robin hits you with a mace.
* * * LOW HITPOINT WARNING * * *
The goblin hits you with a dagger.
* * * LOW HITPOINT WARNING * * *
The hobgoblin hits you.
* * * LOW HITPOINT WARNING * * *
The hobgoblin hits you with a club!
You die...

#####################
#...)......o..a.....#
#.#################.# #.# #.# #.#
######## #.# #.#### #.(....# #.#
#....# #(gg...# #.# #.##.#
#g..o..#####.#######
###..###.g@.)....#.......<#
#######.g.........(.##.##########
........#.####......##.#######
........#.....#..(###........#
........#####.#.#.# #........#
####a.........#%#.# #........#
....O...........#.# #........#
###.§..!######..#.# #........#
###.########....#.###........#


You could see Robin, an orc wizard, 2 hobgoblins and a goblin (frenzied).

Vanquished Creatures
  An ogre (D:4)
  A worker ant (D:4)
  2 adders (D:3)
  2 adder skeletons (D:4)
  7 giant geckos
  5 orcs
  3 ball pythons
  8 hobgoblins
  2 jackals (D:3)
  2 quokkas
  7 bats
  5 giant cockroaches
  3 giant newts
  10 goblins
  4 kobolds
  15 rats (D:1)
77 creatures vanquished.

Vanquished Creatures (collateral kills)
  An ogre (D:4)
  An adder (D:3)
  4 orcs
  A goblin (D:1)
  A hobgoblin (D:3)
  2 jackals (D:3)
  A kobold (D:3)
11 creatures vanquished.

Grand Total: 88 creatures vanquished

Notes
Turn   | Place    | Note
--------------------------------------------------------------
     0 | D:1      | Ishikawa the Mummy Wizard began the quest for the Orb.
     0 | D:1      | Reached XP level 1. HP: 13/13 MP: 4/4
   405 | D:1      | Reached skill level 1 in Conjurations
   439 | D:1      | Reached XP level 2. HP: 17/20 MP: 3/6
   458 | D:1      | Learned a level 2 spell: Call Imp
   922 | D:1      | Reached skill level 1 in Fighting
  1055 | D:1      | Reached skill level 1 in Armour
  1055 | D:1      | Reached XP level 3. HP: 22/26 MP: 1/7
  1064 | D:1      | Learned a level 3 spell: Mephitic Cloud
  1431 | D:2      | Noticed Natasha
  1767 | D:3      | Reached XP level 4. HP: 22/32 MP: 0/9
  2089 | D:3      | Learned a level 3 spell: Conjure Flame
  2247 | D:4      | Found a sacrificial altar of Ru.
  2249 | D:4      | Found a shattered altar of Ashenzari.
  2262 | D:4      | Found a sparkling altar of Nemelex Xobeh.
  2262 | D:4      | Found a glowing silver altar of Zin.
  2265 | D:4      | Noticed an ogre
  2345 | D:4      | Killed an ogre
  2345 | D:4      | Reached skill level 1 in Air Magic
  2345 | D:4      | Reached skill level 1 in Poison Magic
  2345 | D:4      | Reached XP level 5. HP: 37/37 MP: 1/10
  2371 | D:4      | Reached skill level 1 in Short Blades
  2456 | D:4      | Noticed an ogre
  2463 | D:4      | Killed an ogre
  2748 | D:4      | Noticed Robin
  2946 | D:4      | Slain by a hobgoblin

Vault maps used:
D:1:      erik_arrival_orb_chamber
D:2:      grunt_temple_overflow_growth_and_decay, cheibriados_altar_1,
          nicolae_overflow_crystal_walls, first_bread, ecumenical_altar_1,
          uniq_crazy_yiuf_cottage, uniq_iyjb, uniq_sigmund, uniq_natasha
D:3:      corexii_hall_statues_x
D:4:      grunt_temple_overflow_open, uniq_robin

Action                   |  1- 3 |  4- 6 || total
-------------------------+-------+-------++-------
Melee: Unarmed           |    31 |       ||    31
       Club              |    59 |       ||    59
       Short sword       |    20 |    42 ||    62
       Mace              |     7 |       ||     7
       Trident           |       |    34 ||    34
 Cast: Magic Dart        |    71 |    31 ||   102
       Call Imp          |     7 |    12 ||    19
       Mephitic Cloud    |     2 |     6 ||     8
       Conjure Flame     |       |     1 ||     1
  Use: Scroll            |     2 |       ||     2
 Stab: Sleeping          |     1 |     1 ||     2
       Distracted        |     1 |       ||     1
       Confused          |       |     2 ||     2
